 Dungeon Crawl Stone Soup version 0.31-a0-1499-ge0622b2318 (webtiles) character file.

Game seed: 10054940608273193426

87 mungbean the Apothecary (level 4, 0/33 HPs)
             Began as a Human Alchemist on Dec 29, 2023.
             Succumbed to Crazy Yiuf's poison
             ... on level 2 of the Dungeon.
             The game lasted 00:03:08 (1963 turns).

mungbean the Apothecary (Human Alchemist)           Turns: 1963, Time: 00:03:08

Health: 0/33       AC:  4    Str:  8    XL:     4   Next: 51%
Magic:  1/8        EV: 12    Int: 17    God:
Gold:   50         SH:  0    Dex: 14    Spells: 1/8 levels left

rFire   . . .        l - staff of air
rCold   . . .        (no shield)
rNeg    . . .        a - +0 robe
rPois   .            o - +0 helmet
rElec   +            (no cloak)
rCorr   .            (no gloves)
SInv    .            g - +0 pair of boots
Will    .....        (no amulet)
Stlth   ++           (no ring)
HPRegen 0.25/turn    (no ring)
MPRegen 0.11/turn

%: no passive effects
@: mighty, brilliant, lethally poisoned (0 -> -18), weak-willed, weakened
A: explore regen
a: no special abilities


You were on level 2 of the Dungeon.
You visited 1 branch of the dungeon, and saw 2 of its levels.

You collected 50 gold pieces.

Inventory:

Armour
 a - a +0 robe (worn)
 g - a +0 pair of boots (worn)
 o - a +0 helmet (worn)
Magical Staves
 l - a staff of air (weapon)
Scrolls
 c - a scroll of identify {unknown}
 i - a scroll of amnesia {unknown}
 j - a scroll of teleportation {unknown}
 k - a scroll of brand weapon {unknown}
 m - a scroll of immolation {unknown}
 n - a scroll of vulnerability {unknown}
Potions
 d - a potion of brilliance
 e - a potion of lignification {unknown}
 h - 2 potions of curing {unknown}


   Skills:
 + Level 1.7 Fighting
 + Level 2.8 Dodging
 - Level 2.0 Stealth
 + Level 2.7 Spellcasting
 - Level 1.0 Conjurations
 + Level 3.6 Alchemy


You had one spell level left.
You knew the following spells:

 Your Spells              Type           Power      Damage    Failure   Level
a - Sting                 Conj/Alch      60%        1d6       7%          1
b - Mercury Vapours       Alch/Air       38%        N/A       13%         2
c - Olgreb's Toxic Radia  Alch           22%        N/A       38%         4

Your spell library contained the following spells:

 Spells                   Type           Power      Damage    Failure   Level
 Mephitic Cloud           Conj/Alch/Air  17%        N/A       28%         3
 Ozocubu's Armour         Ice            3%         N/A       47%         3
 Sticky Flame             Fire/Alch      12%        2d5       63%         4
 Metabolic Englaciation   Hex/Ice        1%         N/A       99%         5
 Sculpt Simulacrum        Ice/Alch       6%         N/A       100%        6


Dungeon Overview and Level Annotations

Branches:
Dungeon (2/15)

Altars:
Okawaru

Annotations:
D:2 Crazy Yiuf


Innate Abilities, Weirdness & Mutations

You regain HP and MP as you explore.


Message History

Crazy Yiuf barely misses you.
Casting: Mercury Vapours (safe; 13% risk of failure)
Confirm with . or Enter, or press ? or * to list all spells.
Aiming: Mercury Vapours (safe; 13% risk of failure)
Press: ? - help, Dir - move target, f/p - Crazy Yiuf
Aim: Crazy Yiuf, wielding a +3 quarterstaff of chaos and wearing a +1 cloak of poison resistance (moderately wounded, poisoned, weak, chance to weaken: 99%)
You feel a surge of power!
Fumes of mercury billow around Crazy Yiuf!
Crazy Yiuf looks even weaker.
You feel as though you will be weak longer.
Crazy Yiuf hits you with a +3 quarterstaff of chaos!
* * * LOW HITPOINT WARNING * * *
You feel your power leaking away.
Casting: Mercury Vapours (safe; 13% risk of failure)
Confirm with . or Enter, or press ? or * to list all spells.
Aiming: Sting (safe; 7% risk of failure)
Press: ? - help, Shift-Dir - straight line, f/p - Crazy Yiuf
Aim: Crazy Yiuf, wielding a +3 quarterstaff of chaos and wearing a +1 cloak of poison resistance (moderately wounded, poisoned, weak, 75% to hit)
The sting hits Crazy Yiuf.
Crazy Yiuf partially resists.
Crazy Yiuf looks even sicker.
Crazy Yiuf is heavily wounded.
Crazy Yiuf closely misses you.
Casting: Sting (safe; 7% risk of failure)
Confirm with . or Enter, or press ? or * to list all spells.
You don't have enough magic to cast this spell.
Crazy Yiuf closely misses you.
Your magical contamination has completely faded away.
Unknown command.
Crazy Yiuf says, "Cod!"
Crazy Yiuf attacks as he pursues you! Crazy Yiuf closely misses you.
Crazy Yiuf attacks as he pursues you!
Crazy Yiuf hits you with a +3 quarterstaff of chaos.
* * * LOW HITPOINT WARNING * * *
You are lethally poisoned!
Casting: Sting (safe; 7% risk of failure)
Confirm with . or Enter, or press ? or * to list all spells.
You don't have enough magic to cast this spell.
It was a potion of brilliance.
You feel clever all of a sudden.
You die...

#..'............(..# #.._.....#
####.......####.##.####........#
#.......# #.##.>...........#
#.......# #.###.#####......#
#####...# ##.###.# ########
#...# #...##.# ###..####..#####
#....# #....# #.#### ♣..@.♣ #.#
♣..g♣♣ #.# ♣♣.♣♣ #.# ♣.♣♣ #.#
♣♣.♣ #.# ♣.♣♣ #.# ♣♣(♣ #######.#
#'# ........# ...


You could see Crazy Yiuf (poisoned, weak).

Vanquished Creatures
  Jessica (D:2)
  A gnoll (D:1)
  2 adders (D:2)
  A dart slug (D:2)
  4 bats
  4 endoplasms (D:2)
  A giant cockroach (D:1)
  3 goblins (D:2)
  4 hobgoblins
  2 quokkas
  3 ball pythons
  A frilled lizard (D:1)
  A kobold (D:2)
  5 rats
33 creatures vanquished.

Notes
Turn   | Place    | Note
-------+----------+-------------------------------------------
     0 | D:1      | mungbean the Human Alchemist began the quest for the Orb.
     0 | D:1      | Reached XP level 1. HP: 13/13 MP: 3/3
   211 | D:1      | Reached XP level 2. HP: 20/20 MP: 3/5
   547 | D:2      | Noticed Jessica
   551 | D:2      | Killed Jessica
   552 | D:2      | Reached skill level 1 in Fighting
   552 | D:2      | Reached XP level 3. HP: 26/26 MP: 3/6
   735 | D:2      | Found an iron altar of Okawaru.
   747 | D:2      | Reached XP level 4. HP: 26/32 MP: 0/7
  1255 | D:2      | Found a runed translucent door.
  1256 | D:2      | Noticed Crazy Yiuf
  1481 | D:1      | Learned a level 2 spell: Mercury Vapours
  1486 | D:1      | Learned a level 4 spell: Olgreb's Toxic Radiance
  1963 | D:2      | Succumbed to Crazy Yiuf's poison

Illustrated notes

Levels and vault maps discovered:
D:1:      mainiacjoe_arrival_oval_in_oval, layout_basic, minmay_misc_feat_chi
D:2:      layout_basic, basic_altar, grunt_decor_one_mirror, uniq_jessica,
          uniq_crazy_yiuf_cottage

Skill      XL: |  1  2 |
---------------+-------+-----
Fighting       | 1 |  1.7
Dodging        | |  2.8
Stealth        | |  2.0
Spellcasting   | |  2.7
Conjurations   | |  1.0
Alchemy        | |  3.6

Action                     |  1- 3 |  4- 6 || total
---------------------------+-------+-------++-------
  Melee: Unarmed           |    40 |     3 ||    43
         Staff             |       |     4 ||     4
  Throw: Throwing net      |       |     1 ||     1
   Cast: Sting             |    46 |    28 ||    74
         Mercury Vapours   |       |     6 ||     6
    Use: Potion            |       |     2 ||     2
 Armour: Robe              |    49 |    19 ||    68
  Dodge: Dodged            |    60 |    16 ||    76

Table legend: (Time is in decaauts)
 A = Elapsed time spent in this place.
 B = Non-inter-level travel time spent in this place.
 C = Inter-level travel time spent in this place.
 D = Time resting spent in this place.
 E = Time spent auto-exploring this place.
 F = Levels seen in this place.
 G = Mean time per level.
                   A        B        C        D        E       F      G
               +--------+--------+--------+--------+--------+-----+--------+
         Total |   1964 |   1897 |     67 |      0 |   1545 |   2 |  982.0 |
       Dungeon |   1964 |   1897 |     67 |      0 |   1545 |   2 |  982.0 |
               +--------+--------+--------+--------+--------+-----+--------+

Top non-repeatable levels by time:
     D:2: 1188 daAuts
     D:1: 775 daAuts
